 Dungeon Crawl Stone Soup version 0.24-a0-539-g6aae15e (webtiles) character file.

Game seed: 11977016429336314932

1602 Charmandara the Zephyrmancer (level 8, -1/41 HPs)
             Began as a Tengu Air Elementalist on Aug 17, 2019.
             Was a Follower of Vehumet.
             Slain by an orc warrior
             ... wielding a +0 battleaxe
              (14 damage)
             ... on level 7 of the Dungeon.
             The game lasted 00:16:52 (6963 turns).

Charmandara the Zephyrmancer (TeAE)                 Turns: 6963, Time: 00:16:53

Health: -1/41      AC:  5    Str:  9    XL:     8   Next: 94%
Magic:  8/18       EV: 15    Int: 17    God:    Vehumet [*.....]
Gold:   455        SH:  0    Dex: 17    Spells: 4/19 levels left

rFire    . . .     SeeInvis .   q - +3 long sword "Havy" {venom, rElec Dex+2}
rCold    . . .     Gourm    .   (no shield)
rNeg     . . .     Faith    .   a - +1 robe
rPois    .         Spirit   .   (helmet restricted)
rElec    +         Reflect  .   (no cloak)
rCorr    +         Harm     .   s - +1 pair of gloves
MR       .....                  (boots unavailable)
Stlth    ++........             d - amulet of the acrobat
HPRegen  0.13/turn              h - ring of resist corrosion
MPRegen  0.16/turn              (no ring)

@: berserk cooldown, flying quickly and evasively, very slightly contaminated,
slowed, very slow
A: beak, talons 3, able to fly
a: Stop Flying, Renounce Religion


You were on level 7 of the Dungeon.
You worshipped Vehumet.
Vehumet was aware of your devotion.
You were not hungry.

You visited 1 branch of the dungeon, and saw 7 of its levels.

You collected 455 gold pieces.

Inventory:

Hand Weapons
 b - a +0 club
   (You took it off a hobgoblin on level 1 of the Dungeon)
 i - a +3 whip
   (You found it on level 1 of the Dungeon)
 q - the +3 long sword "Havy" (weapon) {venom, rElec Dex+2}
   (You found it on level 4 of the Dungeon)

   It poisons the flesh of those it strikes.
   It affects your dexterity (+2).
   It insulates you from electricity.
Missiles
 k - 43 poisoned darts (quivered)
 m - 2 throwing nets {=f, !d}
Armour
 a - a +1 robe (worn)
 s - a +1 pair of gloves (worn)
   (You found it on level 4 of the Dungeon)
Magical Staves
 A - an uncursed staff of wizardry {wiz+, !a}
   (You found it on level 7 of the Dungeon)
Jewellery
 d - an amulet of the acrobat (around neck)
   (You found it on level 3 of the Dungeon)
 e - an uncursed ring of teleportation {+/*tele, !d}
   (You found it on level 3 of the Dungeon)
 g - an uncursed ring of protection from fire {rF+, !d}
   (You took it off a hobgoblin on level 3 of the Dungeon)
 h - a ring of resist corrosion (left hand)
   (You found it on level 1 of the Dungeon)
 B - an uncursed ring of wizardry {Wiz+, !d}
   (You took it off a gnoll on level 7 of the Dungeon)
Wands
 o - a wand of disintegration (9)
   (You found it on level 4 of the Dungeon)
 p - a wand of flame (7)
   (You found it on level 6 of the Dungeon)
 r - a wand of acid (3)
   (You found it on level 4 of the Dungeon)
Scrolls
 f - 5 scrolls of remove curse
 j - 3 scrolls of teleportation
 u - 2 scrolls of immolation {!r}
 y - 4 scrolls of identify
Potions
 l - 2 potions of brilliance
 n - a potion of ambrosia
 t - a potion of agility
 w - 2 potions of curing
Comestibles
 c - 15 rations
 z - a chunk of flesh {@w0}


   Skills:
 - Level 2.1 Dodging
 - Level 2.0 Stealth
 + Level 6.0 Spellcasting
 + Level 8.3 Conjurations
 + Level 9.2 Air Magic


You had 4 spell levels left.
You knew the following spells:

 Your Spells              Type           Power        Failure   Level  Hunger
a - Shock                 Conj/Air       ####         1%          1    None
b - Static Discharge      Conj/Air       #####...     1%          3    ##.....
c - Airstrike             Air            #####.....   2%          4    ####...
s - Swiftness             Chrm/Air       ###.....     3%          2    None
x - Lightning Bolt        Conj/Air       #####.....   10%         5    #####..

Your spell library contained the following spells:

 Spells                   Type           Power        Failure   Level  Hunger
 Sandblast                Erth           #.....       13%         1    None
 Magic Dart               Conj           ####         1%          1    None
 Searing Ray              Conj           ####..       1%          2    None
 Iskenderun's Mystic Bla  Conj           ####....     4%          4    ####...
 Dazzling Spray           Conj/Hex       ###...       7%          3    ##.....
 Force Lance              Conj/Tloc      ###.....     22%         4    ####...
 Fulminant Prism          Conj/Hex       ###.......   22%         4    ####...


Dungeon Overview and Level Annotations

Branches:
Dungeon (7/15)             Temple (0/1) D:5

Altars:
Cheibriados
Fedhas
Makhleb
Ru
Sif Muna
Uskayaw
Vehumet
Zin

Shops:
D:7 }

Annotations:
D:2 Sigmund
D:3 Terence


Innate Abilities, Weirdness & Mutations

You have a beak for a mouth.
You have claws for feet.
You can fly continuously.


Message History

a +1 whip of freezing; a gnoll skeleton
w - 2 potions of curing (gained 1)
You see here a +0 club.
There isn't anything to butcher here.
B - an uncursed ring of wizardry {Wiz+, !d} You see here a +0 spear.
There isn't anything to butcher here.
You start resting.
Eating one of 6 chunks of flesh {@w0}.
You eat one of the 6 chunks of flesh {@w0}.
Some of the chunks of flesh in your inventory have rotted away.
You see here a +0 club.
Health restored: 41; MP restored: 17 You pick up a book of Conjurations and begin reading...
You add the spells Magic Dart, Searing Ray, Dazzling Spray, Fulminant Prism, Force Lance and Iskenderun's Mystic Blast to your library.
Unknown command.
Okay, then.
An orc warrior comes into view. It is wielding a +0 battleaxe.
An orc warrior is nearby!
A hound comes into view.
An orc warrior comes into view. It is wielding a +0 war axe.
The orc warrior shouts!
The hound barks!
The orc warrior shouts!
A worker ant comes into view.
A hound skeleton comes into view.
You hit the worker ant.
The worker ant is poisoned.
You claw the worker ant. The worker ant bites you.
You take 2 damage, and have 39/41 hp.
You hit the worker ant.
The worker ant looks as sick as possible!
You kill the worker ant!
Vehumet accepts your kill. The hound barely misses you.
You riposte.
You hit the hound.
The hound is poisoned.
You closely miss the hound. You peck the hound. The hound bites you.
The hound misses you.
You take 1 damage, and have 38/41 hp.
You closely miss the hound. You claw the hound!
You kill the hound!
Vehumet accepts your kill.
Aim: an orc warrior, wielding a +0 war axe and wearing a +0 chain mail
Okay, then.
Aim: an orc warrior, wielding a +0 war axe and wearing a +0 chain mail (chance to defeat MR: 65%)
The orc warrior is blasted!
The orc warrior hits you with a +0 war axe!
You take 16 damage, and have 22/41 hp.
MASSIVE DAMAGE!!
Unknown command.
Okay, then.
Aim: an orc warrior, wielding a +0 war axe and wearing a +0 chain mail (heavily wounded)
The bolt of acid misses the orc warrior.
The orc warrior hits you with a +0 battleaxe!
* * * LOW HITPOINT WARNING * * *
You take 15 damage, and have 7/41 hp.
MASSIVE DAMAGE!!
Unknown command.
Okay, then.
You feel much better.
The orc warrior hits you with a +0 war axe.
The orc warrior closely misses you.
You regained 22 hp, and now have 29/41 hp.
Really quaff
v - a potion of berserk rage {!q}?
A red film seems to cover your vision as you go berserk!
You feel yourself moving faster!
You feel mighty! The orc warrior barely misses you.
The orc warrior hits you with a +0 battleaxe!
You now have 28/61 hp.
Unknown command.
You barely miss the orc warrior. You claw the orc warrior.
The orc warrior hits you with a +0 war axe.
You take 3 damage, and have 25/61 hp.
You slash the orc warrior!
The orc warrior looks as sick as possible!
The orc warrior hits you with a +0 battleaxe!
* * * LOW HITPOINT WARNING * * *
You take 7 damage, and have 18/61 hp.
You slash the orc warrior!
You kill the orc warrior!
Vehumet accepts your kill.
Your Spellcasting skill increases to level 6!
The orc warrior completely misses you.
Things that are here:
a +0 war axe; a +0 chain mail You feel a strong urge to attack something.
You are no longer berserk.
You are exhausted.
You feel yourself slow down.
You now have 13/41 hp.
Unknown command.
Aim: an orc warrior, wielding a +0 battleaxe and wearing a +0 plate armour You miscast Lightning Bolt.
You are very lightly contaminated with residual magic.
The air around you crackles with energy!
You now have 13/18 mp.
Unknown command.
Aim: an orc warrior, wielding a +0 battleaxe and wearing a +0 plate armour You hear a mighty clap of thunder!
The bolt of lightning hits the orc warrior!
You hear a shout!
The orc warrior hits you with a +0 battleaxe!
You die...

#.#####)#.#.#.##
#.......)...#.#
##............#
#.####.#.#####
#.# #.#.########
#.# #...........
#.# ##.########.
#.# #.# #@# #.#
#o#####.###
#.#)o†....#
#..#######.#
#..#Z.../#.#
##.#.#.#.#.#
#...#)#...#
#.#.#.#.#..
#.#.....#..#


You could see an orc warrior.

Vanquished Creatures
  Prince Ribbit (D:6)
  An ice beast (D:5)
  A sky beast (D:5)
  An orc warrior (D:7)
  A centaur (D:7)
  An ogre (D:4)
  A big kobold (D:4)
  A jelly (D:5)
  3 scorpions
  4 crimson imps
  A bullfrog zombie (D:6)
  A centaur zombie (D:7)
  A hound (D:7)
  An orc priest (D:5)
  A centaur skeleton (D:5)
  5 worker ants
  A hound skeleton (D:7)
  A worker ant zombie (D:5)
  Robin (D:2)
  7 gnolls
  6 adders
  A shadow imp (D:7)
  An ooze (D:3)
  2 dart slugs
  A leopard gecko (D:3)
  12 orcs
  6 giant cockroaches
  19 goblins
  12 hobgoblins
  5 jackals (D:4)
  6 quokkas
  6 ball pythons
  7 bats
  3 frilled lizards
  A jackal skeleton (D:7)
  5 kobolds
  2 leopard gecko skeletons (D:4)
  12 rats
142 creatures vanquished.

Notes
Turn   | Place    | Note
-------+----------+-------------------------------------------
     0 | D:1      | Charmandara the Tengu Air Elementalist began the quest for
                  | the Orb.
     0 | D:1      | Reached XP level 1. HP: 10/10 MP: 4/4
   337 | D:1      | Reached XP level 2. HP: 15/15 MP: 4/6
   340 | D:1      | Reached skill level 2 in Conjurations
   601 | D:1      | Learned a level 2 spell: Swiftness
   763 | D:2      | Reached XP level 3. HP: 19/19 MP: 5/7
   768 | D:2      | Learned a level 3 spell: Static Discharge
   965 | D:2      | Noticed Robin
   978 | D:2      | HP: 3/19 [goblin[Robin] (4)]
   981 | D:2      | HP: 1/19 [goblin[Robin] (4)]
   983 | D:2      | Killed Robin
  1001 | D:2      | Reached skill level 3 in Conjurations
  1001 | D:2      | Reached XP level 4. HP: 3/24 MP: 0/9
  1015 | D:2      | HP: 3/24 [goblin[Robin] (2)]
  1026 | D:2      | HP: 2/24 [goblin[Robin] (2)]
  1371 | D:2      | Noticed Sigmund
  1461 | D:3      | Reached skill level 5 in Air Magic
  1785 | D:3      | Reached skill level 3 in Spellcasting
  1787 | D:3      | Gained mutation: You can fly continuously. [Tengu growth]
  1787 | D:3      | Reached XP level 5. HP: 28/28 MP: 1/10
  1892 | D:3      | Found a blossoming altar of Fedhas.
  2078 | D:3      | Noticed Terence
  2090 | D:3      | HP: 2/28 [Terence/+0 hand axe of electrocution (18)]
  2671 | D:2      | Learned a level 4 spell: Airstrike
  2750 | D:2      | Found a shimmering blue altar of Sif Muna.
  2879 | D:2      | Reached skill level 4 in Conjurations
  3016 | D:3      | Found a sacrificial altar of Ru.
  3380 | D:4      | Noticed a big kobold
  3396 | D:4      | Killed a big kobold
  3396 | D:4      | Reached skill level 6 in Air Magic
  3396 | D:4      | Reached XP level 6. HP: 21/32 MP: 0/12
  3794 | D:4      | Got a translucent long sword
  3795 | D:4      | Identified the cursed +3 long sword "Havy" {venom, rElec
                  | Dex+2} (You found it on level 4 of the Dungeon)
  4060 | D:4      | Reached skill level 5 in Conjurations
  4202 | D:4      | Reached skill level 4 in Spellcasting
  4229 | D:4      | Found a burning altar of Makhleb.
  4229 | D:4      | Found a radiant altar of Vehumet.
  4235 | D:4      | Reached XP level 7. HP: 34/36 MP: 1/14
  4238 | D:4      | Became a worshipper of Vehumet
  4325 | D:5      | Entered Level 5 of the Dungeon
  4408 | D:5      | Found a staircase to the Ecumenical Temple.
  4678 | D:5      | Reached skill level 7 in Air Magic
  4689 | D:5      | Reached skill level 6 in Conjurations
  4795 | D:5      | HP: 8/36 [ice beast (9)]
  5032 | D:5      | Learned a level 5 spell: Lightning Bolt
  5204 | D:5      | Found a snail-covered altar of Cheibriados.
  5311 | D:5      | Reached * piety under Vehumet
  5311 | D:5      | Offered knowledge of Sandblast by Vehumet.
  5349 | D:5      | Reached skill level 5 in Spellcasting
  5349 | D:5      | Reached XP level 8. HP: 40/41 MP: 16/16
  5553 | D:5      | Reached skill level 7 in Conjurations
  5553 | D:5      | Reached skill level 8 in Air Magic
  6003 | D:6      | Noticed Prince Ribbit
  6010 | D:6      | Killed Prince Ribbit
  6309 | D:6      | Found a snail-covered altar of Cheibriados.
  6467 | D:7      | Found Rownar's Gadget Shop.
  6711 | D:7      | Reached skill level 8 in Conjurations
  6714 | D:7      | Found a hide-covered altar of Uskayaw.
  6714 | D:7      | Found a glowing silver altar of Zin.
  6750 | D:7      | Reached skill level 9 in Air Magic
  6950 | D:7      | dragoon: slap my face off
  6951 | D:7      | HP: 7/41 [orc warrior/+0 battleaxe (16)]
  6956 | D:7      | Reached skill level 6 in Spellcasting
  6963 | D:7      | Slain by an orc warrior

Levels and vault maps discovered:
D:1:      dpeg_arrival_tiny_j, layout_rooms
D:2:      layout_loops_cross, lemuel_blue_sif_altar, uniq_robin, uniq_sigmund
D:3:      layout_basic, fedhas_altar_fruit_tree, lemuel_coloured_pillars_altar,
          first_ration, uniq_terence
D:4:      layout_basic, grunt_temple_overflow_lords_of_destruction
D:5:      layout_basic, old_standard_altar,
          minmay_temple_entry_drinking_statues, minmay_quadrilaterals
D:6:      layout_basic, cheibriados_altar_1, uniq_prince_ribbit1
D:7:      layout_loops_ring, gammafunk_temple_overflow_elements, serial_shops,
          shop, the_bakery, minmay_checkerbox

Skill      XL: |  1  2  3  4  5  6  7  8 |
---------------+-------------------------+-----
Conjurations   | 2 3 4 5 6 8 |  8.3
Air Magic      | 5 6 7 9 |  9.2
Spellcasting   | 3 4 5 6 |  6.0
Dodging        | |  2.1
Stealth        | |  2.0

Action                   |  1- 3 |  4- 6 |  7- 9 || total
-------------------------+-------+-------+-------++-------
Melee: Whip              |    10 |    22 |       ||    32
       Kick              |     3 |    10 |    27 ||    40
       Peck              |     1 |     6 |    23 ||    30
       Long sword        |       |    16 |    79 ||    95
Throw: Dart              |     5 |       |       ||     5
 Cast: Shock             |    43 |    90 |    10 ||   143
       Static Discharge  |     1 |    10 |    29 ||    40
       Airstrike         |       |       |     2 ||     2
       Lightning Bolt    |       |       |     1 ||     1
 Abil: Fly               |       |     1 |       ||     1
Evoke: Wand              |       |       |     8 ||     8
  Use: Scroll            |     2 |     5 |     5 ||    12
       Potion            |     3 |       |     3 ||     6
 Stab: Sleeping          |       |     1 |     4 ||     5
  Eat: Chunk             |     1 |    11 |     7 ||    19
       Ration            |       |       |     1 ||     1
Armor: Robe              |     6 |     2 |    11 ||    19
Dodge: Dodged            |    30 |    71 |   117 ||   218
       Rpst.: Long sword |       |     6 |    35 ||    41

Table legend:
 A = Non-vault XP
 B = Vault XP
 C = Vault XP percentage of total XP
 D = Non-vault monster count
 E = Vault monster count
 F = Vault count percentage of total count
                 A         B        C        D         E       F
            +---------+---------+-------+---------+---------+-------
      Total |    1683 |     606 |  26.5 |     121 |      21 |  14.8
            +---------+---------+-------+---------+---------+-------
        D:1 |      33 |       0 |   0.0 |      20 |       0 |   0.0
        D:2 |      46 |      39 |  45.9 |      22 |      13 |  37.1
        D:3 |     104 |       0 |   0.0 |      19 |       0 |   0.0
        D:4 |     354 |      48 |  11.9 |      26 |       1 |   3.7
        D:5 |     751 |      31 |   4.0 |      21 |       3 |  12.5
        D:6 |      92 |     283 |  75.5 |       3 |       1 |  25.0
        D:7 |     303 |     205 |  40.4 |      10 |       3 |  23.1
            +---------+---------+-------+---------+---------+-------

Levels and vault maps discovered:
D:1:      dpeg_arrival_tiny_j, layout_rooms
D:2:      layout_loops_cross, lemuel_blue_sif_altar, uniq_robin, uniq_sigmund
D:3:      layout_basic, fedhas_altar_fruit_tree, lemuel_coloured_pillars_altar,
          first_ration, uniq_terence
D:4:      layout_basic, grunt_temple_overflow_lords_of_destruction
D:5:      layout_basic, old_standard_altar,
          minmay_temple_entry_drinking_statues, minmay_quadrilaterals
D:6:      layout_basic, cheibriados_altar_1, uniq_prince_ribbit1
D:7:      layout_loops_ring, gammafunk_temple_overflow_elements, serial_shops,
          shop, the_bakery, minmay_checkerbox

Table legend:
 A = Turns spent in this place as a percentage of turns spent in the entire game.
 B = Non-inter-level travel turns spent in this place as a percentage of non-inter-level travel turns spent in the entire game.
 C = Inter-level travel turns spent in this place as a percentage of turns spent in this place.
 D = Turns resting spent in this place as a percentage of non-inter-level travel turns spent in this place.
 E = Turns spent auto-exploring this place as a percentage of non-inter-level travel turns spent in this place.
 F = Non-inter-level travel turns spent in this place divided by the number of levels of this place that you've seen.
                   A       B       C       D       E      F
               +-------+-------+-------+-------+-------+----------------------
         Total | 100.0 | 100.0 |   3.1 |  32.2 |  47.3 | 963.4
       Dungeon | 100.0 | 100.0 |   3.1 |  32.2 |  47.3 | 963.4
               +-------+-------+-------+-------+-------+----------------------

Table legend:
 A = Kills in this place as a percentage of kills in entire the game.
 B = Kills by you in this place as a percentage of kills by you in the entire game.
 C = Kills by friends in this place as a percentage of kills by friends in the entire game.
 D = Other kills in this place as a percentage of other kills in the entire game.
 E = Experience gained in this place as a percentage of experience gained in the entire game.
 F = Experience gained in this place divided by the number of levels of this place that you have seen.
                   A       B       C       D       E      F
               +-------+-------+-------+-------+-------+----------------------
         Total | 100.0 | 100.0 |   N/A |   N/A | 100.0 | 327.0
       Dungeon | 100.0 | 100.0 |   N/A |   N/A | 100.0 | 327.0
               +-------+-------+-------+-------+-------+----------------------
